[Event "Team 45 45 League T53"]
[Site "Internet Chess Club"]
[Date "2012.06.03"]
[Round "3"]
[White "alexdb"]
[Black "KW-Winner"]
[Result "1/2-1/2"]
[WhiteElo "1896"]
[BlackElo "1978"]
[Opening "Sicilian defense"]
[ECO "B30"]
[Time "12:23:38"]
[TimeControl "2700+45"]

1. e4 c5 2. Nf3 Nc6 3. d3 e5 4. c4 d6 5. Nc3 Nf6 6. h3 h6 7. Be2 Be7 8. Be3 Nd4
9. Qd2 Qa5 10. Bd1 Bd7 11. Nd5 Qxd2+ 12. Bxd2 Nxd5 13. Nxd4 cxd4 14. cxd5 f5 15.
Bh5+ Kd8 16. Bg6 fxe4 17. Bxe4 Rc8 18. Rc1 Rxc1+ 19. Bxc1 Bb5 {Game drawn by
mutual agreement} 1/2-1/2

[Event "Team 45 45 League T53"]
[Site "Internet Chess Club"]
[Date "2012.06.02"]
[Round "3"]
[White "ghostfire"]
[Black "Truxton"]
[Result "1-0"]
[WhiteElo "1757"]
[BlackElo "1843"]
[Opening "Sicilian defense"]
[ECO "B33"]
[Time "22:00:51"]
[TimeControl "2700+45"]

1. e4 c5 2. Nf3 Nc6 3. d4 cxd4 4. Nxd4 Nf6 5. Nxc6 bxc6 6. Nc3 e5 7. Bg5 d6 8.
Be2 Be7 9. O-O O-O 10. Rb1 Be6 11. f3 Qc7 12. Qe1 d5 13. exd5 cxd5 14. Kh1 h6
15. Bxf6 Bxf6 16. Bd3 Rfd8 17. a3 a5 18. Qg3 Qc5 19. Qf2 Qe7 20. Ne2 Bh4 21. Qe3
Bf6 22. Ng3 Bc8 23. Nh5 Ba6 24. Nxf6+ Qxf6 25. Bxa6 Rxa6 26. b4 axb4 27. axb4
Qd6 28. Rfe1 f6 29. Rb2 Rb8 30. Qb3 Kf8 31. Rd1 Rb5 32. c4 dxc4 33. Rxd6 Rxd6
34. Qc2 c3 35. Rb1 Rbd5 36. h3 Rd3 37. b5 Re3 38. Rd1 Rd4 39. b6 Rb4 40. Rb1 Rd4
41. b7 {Black resigns} 1-0

[Event "Team 45 45 League T53"]
[Site "Internet Chess Club"]
[Date "2012.06.02"]
[Round "3"]
[White "AVEMARIA"]
[Black "Egmont"]
[Result "1/2-1/2"]
[WhiteElo "1679"]
[BlackElo "1775"]
[Opening "Sicilian: Alapin's variation (2.c3)"]
[ECO "B22"]
[Time "11:00:49"]
[TimeControl "2700+45"]

1. e4 c5 2. c3 d5 3. exd5 Qxd5 4. d4 Nf6 5. Nf3 Bg4 6. Be2 e6 7. O-O Nc6 8. h3
Bh5 9. Re1 Be7 10. Be3 cxd4 11. Nxd4 Bxe2 12. Qxe2 O-O 13. Nd2 Nxd4 14. Bxd4
Rfd8 15. Nf3 b5 16. a3 a5 17. Rad1 Qb3 18. Ne5 Rac8 19. Bb6 Rxd1 20. Rxd1 b4 21.
Bxa5 bxa3 22. bxa3 Qxa3 23. Qb5 Ra8 24. Nc6 Bf8 25. Bb4 Bxb4 26. cxb4 Nd5 27.
Qb7 Qa4 28. Rd4 h6 29. b5 Qa2 30. b6 Ra6 31. Rxd5 exd5 32. Qc8+ Kh7 33. b7 Qb1+
34. Kh2 Rb6 35. b8=Q Rxb8 36. Nxb8 d4 37. Nc6 Qe4 38. Nxd4 Qxd4 39. Qf5+ Kg8 40.
Qc8+ Kh7 41. Qf5+ Kg8 42. Qc8+ Kh7 43. Qf5+ {Game drawn by repetition} 1/2-1/2

[Event "Team 45 45 League T53"]
[Site "Internet Chess Club"]
[Date "2012.06.04"]
[Round "3"]
[White "mitus"]
[Black "HelioAraujo"]
[Result "0-1"]
[WhiteElo "1852"]
[BlackElo "1887"]
[Opening "Sicilian: Kan, 5.Nc3"]
[ECO "B43"]
[Time "13:01:33"]
[TimeControl "2700+45"]

1. e4 c5 2. Nf3 e6 3. d4 cxd4 4. Nxd4 a6 5. Nc3 Qc7 6. Be2 b5 7. a3 Bb7 8. O-O
Nf6 9. Bf3 Nc6 10. Bg5 Be7 11. Re1 Ne5 12. Bh4 O-O 13. Bg3 d6 14. Qe2 Rac8 15.
Bxe5 dxe5 16. Nb3 b4 17. axb4 Bxb4 18. Rec1 Bxc3 19. bxc3 Qxc3 20. Na5 Ba8 21.
Qxa6 Bxe4 22. Bxe4 Nxe4 23. Qe2 Nf6 24. Nb7 Qc7 25. Na5 Nd5 26. c4 Nf4 27. Qe4
f5 28. Qc2 e4 29. Rd1 Rf6 30. Qa4 Rg6 31. g3 Nd3 32. Qb5 Qf4 33. Ra2 Qf3 34. Rb1
Nf4 35. Kf1 Qh1# {White checkmated} 0-1

[Event "Team 45 45 League T53"]
[Site "Internet Chess Club"]
[Date "2012.06.02"]
[Round "3"]
[White "JustinL"]
[Black "KingOfKings"]
[Result "1-0"]
[WhiteElo "1945"]
[BlackElo "1622"]
[Opening "French: exchange variation"]
[ECO "C01"]
[Time "09:19:36"]
[TimeControl "2700+45"]

1. e4 e6 2. d4 d5 3. exd5 exd5 4. Bd3 Nc6 5. Nf3 Bd6 6. c3 Nge7 7. Be3 Bg4 8.
Nbd2 Qd7 9. Qc2 O-O-O 10. O-O-O f5 11. h3 Bh5 12. Bg5 Bg6 13. Bxe7 Bxe7 14. b4
Bd6 15. Rde1 Bxb4 16. cxb4 Nxb4 17. Qb3 Qc6+ 18. Bc2 f4 19. Ne5 Qxc2+ 20. Qxc2
Bxc2 21. a3 Nd3+ 22. Kxc2 Nxe1+ 23. Rxe1 Rdf8 24. Ndf3 c6 25. Ng5 Rf6 26. Nef7
Rf8 27. Ne5 Rh8 28. Ng4 Rg6 29. Nf7 Rf8 30. Re7 h6 31. Kb3 Rf6 32. Nxf6 gxf6 33.
Nxh6 {Black resigns} 1-0

[Event "Team 45 45 League T53"]
[Site "Internet Chess Club"]
[Date "2012.06.03"]
[Round "3"]
[White "hcube"]
[Black "Packerfan"]
[Result "0-1"]
[WhiteElo "1675"]
[BlackElo "1803"]
[Opening "Ruy Lopez: Schliemann defense"]
[ECO "C63"]
[Time "15:00:07"]
[TimeControl "2700+45"]

1. e4 e5 2. Nf3 Nc6 3. Bb5 f5 4. d3 fxe4 5. dxe4 Nf6 6. Nc3 Bc5 7. O-O d6 8. Bg5
h6 9. Bxf6 Qxf6 10. Nd5 Qd8 11. Nd2 O-O 12. Nb3 Bb6 13. Nxb6 axb6 14. Qd2 Qe8
15. Bc4+ Kh8 16. f4 exf4 17. Rxf4 Ne5 18. Be2 Bd7 19. a3 Bc6 20. Nd4 Rxf4 21.
Qxf4 Ng6 22. Qe3 Qxe4 23. Qxe4 Bxe4 24. Re1 Ne5 25. Bh5 Bg6 26. Bxg6 Nxg6 27.
Nb5 Rc8 28. Re6 Kh7 29. b3 d5 30. h3 c6 31. Nd6 Rc7 32. g3 Rd7 33. Nf5 Rf7 34.
Nd6 Rd7 35. Nf5 Nf8 36. Re7 Rxe7 37. Nxe7 Ne6 38. Nc8 Nd4 39. c4 Nxb3 40. cxd5
cxd5 41. Nxb6 d4 42. Kf2 Kg6 43. Ke2 Nc5 44. Nc4 Kf6 45. Kd2 Ke6 46. Ke2 Kd5 47.
Nd2 Ne4 48. Nf1 Kc4 49. g4 Kc3 50. a4 d3+ 51. Ke1 Kc2 52. Ne3+ Kc1 53. h4 d2+
54. Ke2 Nc3+ 55. Kd3 d1=Q+ 56. Nxd1 Nxd1 57. g5 Kb2 58. gxh6 gxh6 59. Ke4 Ka3
60. a5 Ka4 61. a6 bxa6 62. Kf5 Ne3+ 63. Kg6 Ng2 64. Kxh6 Nxh4 65. Kg5 Kb3 66.
Kf4 a5 67. Ke3 a4 68. Kd2 Kb2 {White resigns} 0-1

[Event "Team 45 45 League T53"]
[Site "Internet Chess Club"]
[Date "2012.06.05"]
[Round "3"]
[White "Nathan-L"]
[Black "fireball"]
[Result "1-0"]
[WhiteElo "1702"]
[BlackElo "1699"]
[Opening "French defense"]
[ECO "C00"]
[Time "16:32:47"]
[TimeControl "2700+45"]

1. e4 e6 2. Nf3 d5 3. exd5 exd5 4. d4 Bd6 5. Bd3 Bg4 6. O-O Nc6 7. c3 Qd7 8.
Re1+ Nge7 9. Nbd2 O-O-O 10. b4 Ng6 11. a4 Nf4 12. Bb5 Qf5 13. Bxc6 bxc6 14. Qb3
h5 15. b5 cxb5 16. Qxb5 Bxf3 17. Nxf3 Nxg2 18. Qa6+ Kd7 19. Qb5+ c6 20. Qb7+ Bc7
21. Ne5+ Qxe5 22. Rxe5 Nh4 23. Re7+ Kxe7 24. Qxc7+ Ke8 25. Ba3 Nf3+ 26. Kh1 Rd7
27. Qc8+ Rd8 28. Qxc6+ Rd7 29. Qc8+ Rd8 30. Qf5 Nd2 31. Re1+ Ne4 32. Qe5+ Kd7
33. Qxd5+ Kc8 34. Qc6+ Kb8 35. Rb1# {Black checkmated} 1-0

[Event "Team 45 45 League T53"]
[Site "Internet Chess Club"]
[Date "2012.05.30"]
[Round "3"]
[White "TerryMalloy"]
[Black "parpin"]
[Result "1-0"]
[WhiteElo "2068"]
[BlackElo "1944"]
[Opening "Caro-Kann: Tartakower (Nimzovich) variation"]
[ECO "B15"]
[Time "21:03:24"]
[TimeControl "2700+45"]

1. e4 c6 2. d4 d5 3. Nd2 dxe4 4. Nxe4 Nf6 5. Nxf6+ exf6 6. c3 Bd6 7. Bd3 Qc7 8.
Ne2 Bg4 9. Qc2 Nd7 10. h3 Bh5 11. O-O Bg6 12. Bxg6 hxg6 13. Qe4+ Be7 14. Bf4 Qd8
15. Rfe1 O-O 16. Rad1 f5 17. Qe3 g5 18. Bh2 Re8 19. Qd3 g6 20. c4 Nf6 21. Nc3
Bd6 22. Rxe8+ Nxe8 23. Bxd6 Qxd6 24. d5 Rd8 25. Qe3 Qf4 26. Qxf4 gxf4 27. Kf1
Nf6 28. Ke2 cxd5 29. Nxd5 Nxd5 30. Rxd5 Rxd5 31. cxd5 Kf8 32. Kd3 Ke7 33. Kd4
Kd6 34. h4 f6 35. f3 b6 36. Kc4 Ke5 37. Kb5 Kxd5 38. Ka6 Kd4 39. Kxa7 Ke3 40.
Kxb6 Kf2 41. a4 Kxg2 42. a5 Kxf3 43. a6 Ke3 44. a7 f3 45. a8=Q f2 46. Qa6 {Black
resigns} 1-0

[Event "Team 45 45 League T53"]
[Site "Internet Chess Club"]
[Date "2012.06.05"]
[Round "3"]
[White "perikitosax"]
[Black "JeremyWa"]
[Result "1-0"]
[WhiteElo "1894"]
[BlackElo "1720"]
[Opening "Nimzo-Indian: three knights variation"]
[ECO "E21"]
[Time "11:43:25"]
[TimeControl "2700+45"]

1. d4 Nf6 2. c4 e6 3. Nc3 Bb4 4. Nf3 Ne4 5. Qd3 Nxc3 6. bxc3 Be7 7. e4 b6 8. Be2
Ba6 9. Qc2 Nc6 10. Bd3 Na5 11. Qe2 d6 12. O-O c5 13. d5 e5 14. Be3 Bc8 15. Nd2
Nb7 16. f4 h5 17. f5 Bg5 18. Rf3 Bxe3+ 19. Rxe3 Qg5 20. Rg3 Qh6 21. Nf3 Bd7 22.
Ng5 Ke7 23. h4 Na5 24. Rf1 Bc8 25. Rgf3 Kf6 26. Rg3 Ba6 27. Ne6 Rag8 28. Nc7 Bc8
29. Nb5 Bd7 30. Nxd6 Ke7 31. Nb5 Bxb5 32. cxb5 Nb7 33. Rgf3 f6 34. c4 Nd6 35.
Rg3 Ra8 36. Rg6 Qh7 37. Rf3 Qg8 38. Rfg3 Rh7 39. a4 Qf7 40. a5 Nb7 41. a6 Nd6
42. Kf2 Rah8 43. Ke3 Rh6 44. Rxg7 {Black resigns} 1-0

[Event "Team 45 45 League T53"]
[Site "Internet Chess Club"]
[Date "2012.06.02"]
[Round "3"]
[White "bondguy01"]
[Black "minke"]
[Result "0-1"]
[WhiteElo "1634"]
[BlackElo "1888"]
[Opening "Dutch: Leningrad, main variation with c6"]
[ECO "A88"]
[Time "09:00:12"]
[TimeControl "2700+45"]

1. Nf3 g6 2. d4 Bg7 3. c4 f5 4. g3 Nf6 5. Bg2 O-O 6. O-O d6 7. Nc3 c6 8. Rb1 Ne4
9. Nxe4 fxe4 10. Nd2 d5 11. e3 e5 12. dxe5 Bxe5 13. b3 Be6 14. Qc2 Nd7 15. Bb2
Rc8 16. h3 Qg5 17. Rbd1 Qh5 18. Kh2 Bxb2 19. Qxb2 Ne5 20. Qc2 Nf3+ 21. Bxf3
Qxh3+ 22. Kg1 exf3 23. Nxf3 Rxf3 24. cxd5 Bxd5 25. Rxd5 cxd5 26. Qd1 Qf5 27. Kg2
Rf8 28. Qe2 Qe4 29. Kh2 R8f5 30. Kg2 {White resigns} 0-1

[Event "Team 45 45 League T53"]
[Site "Internet Chess Club"]
[Date "2012.06.03"]
[Round "3"]
[White "jjmolina"]
[Black "losscause"]
[Result "1/2-1/2"]
[WhiteElo "1902"]
[BlackElo "1622"]
[Opening "Caro-Kann: classical, Spassky variation"]
[ECO "B19"]
[Time "15:27:06"]
[TimeControl "2700+45"]

1. e4 c6 2. d4 d5 3. Nc3 dxe4 4. Nxe4 Bf5 5. Ng3 Bg6 6. Nf3 h6 7. h4 Nd7 8. h5
Bh7 9. Bd3 Bxd3 10. Qxd3 Ngf6 11. Bd2 e6 12. O-O-O Be7 13. Ne4 Qc7 14. Kb1 O-O-O
15. g3 Nxe4 16. Qxe4 Nf6 17. Qe2 Bd6 18. c4 c5 19. Bc3 Rhe8 20. Ne5 Bxe5 21.
dxe5 Rxd1+ 22. Rxd1 Nd7 23. f4 Rd8 24. Qg4 Nb6 25. Rxd8+ Qxd8 26. b3 Qd3+ 27.
Kb2 g6 28. hxg6 Qxg6 29. Qxg6 fxg6 30. Kc2 Kd7 31. Kd3 Nc8 32. Be1 h5 33. a3 Ne7
34. b4 cxb4 35. axb4 a6 36. Ke4 Kc6 37. Kd3 Nf5 38. Bf2 Ne7 39. Kd4 Nf5+ 40. Kd3
Ne7 41. Kd4 Nf5+ 42. Kd3 Ne7 43. Kd4 Nf5+ 44. Kd3 {Game drawn by repetition}
1/2-1/2

[Event "Team 45 45 League T53"]
[Site "Internet Chess Club"]
[Date "2012.06.01"]
[Round "3"]
[White "Rodin7"]
[Black "QueensCounselor"]
[Result "1/2-1/2"]
[WhiteElo "2033"]
[BlackElo "2074"]
[Opening "Réti: King's Indian attack (Barcza system)"]
[ECO "A07"]
[Time "12:07:17"]
[TimeControl "2700+45"]

1. Nf3 d5 2. g3 Nf6 3. Bg2 e6 4. O-O c5 5. c4 Nc6 6. cxd5 exd5 7. d4 Be7 8. Bg5
O-O 9. dxc5 Bxc5 10. Nc3 d4 11. Ne4 Be7 12. Nxf6+ Bxf6 13. Qd2 h6 14. Bxf6 Qxf6
15. Ne1 Bg4 16. Nd3 Rfe8 17. Rfe1 Rac8 18. Rac1 b6 19. a3 Ne5 20. Rxc8 Rxc8
{Game drawn by mutual agreement} 1/2-1/2

[Event "Team 45 45 League T53"]
[Site "Internet Chess Club"]
[Date "2012.06.02"]
[Round "3"]
[White "fledermaus"]
[Black "jofer"]
[Result "0-1"]
[WhiteElo "1873"]
[BlackElo "2074"]
[Opening "King's Indian: orthodox variation"]
[ECO "E94"]
[Time "14:30:48"]
[TimeControl "2700+45"]

1. Nf3 Nf6 2. c4 g6 3. Nc3 Bg7 4. e4 d6 5. d4 O-O 6. Be2 e5 7. O-O Na6 8. Be3
Ng4 9. Bg5 Qe8 10. h3 h6 11. Bc1 Nf6 12. dxe5 dxe5 13. Be3 c6 14. Qc2 Qe7 15.
Rad1 Nh5 16. Rfe1 Nf4 17. Bf1 g5 18. g4 Qf6 19. Nh2 Nc7 20. Ne2 Nce6 21. Qc1 Qg6
22. Ng3 Nd4 23. Nf5 Bxf5 24. exf5 Qd6 25. Bxf4 exf4 26. c5 Qc7 27. Bg2 Rfe8 28.
Qd2 Red8 29. Qb4 Nc2 30. Qe4 Nxe1 31. Rxe1 Rd2 32. Nf3 Rxb2 33. f6 Bxf6 34. Bf1
Bg7 35. Bc4 b5 36. Bb3 a5 37. Qf5 a4 38. Bc2 Rxa2 39. h4 Rxc2 40. Qxc2 Qd7
{White resigns} 0-1

[Event "Team 45 45 League T53"]
[Site "Internet Chess Club"]
[Date "2012.06.02"]
[Round "3"]
[White "TahoeSam"]
[Black "jonesey"]
[Result "1-0"]
[WhiteElo "1930"]
[BlackElo "1818"]
[Opening "King's Indian: Torre attack"]
[ECO "A48"]
[Time "17:00:35"]
[TimeControl "2700+45"]

1. d4 Nf6 2. Nf3 g6 3. Bg5 Bg7 4. Nbd2 d6 5. e4 O-O 6. c3 Nc6 7. Be2 e5 8. dxe5
Nxe5 9. Nxe5 dxe5 10. Qb3 h6 11. Be3 b6 12. f3 Be6 13. Bc4 Bxc4 14. Nxc4 Nh5 15.
O-O Qh4 16. Rfd1 Rad8 17. Qa4 Rxd1+ 18. Rxd1 Rd8 19. g3 Qe7 20. Rxd8+ Qxd8 21.
Kg2 Qd3 22. Qe8+ Kh7 23. Qxf7 Nf6 24. Qxg6+ Kh8 25. Bxh6 Qe2+ 26. Kh3 Qf1+ 27.
Kh4 Bxh6 28. Qxh6+ Nh7 29. Nxe5 Qg1 30. Qg6 {Black resigns} 1-0

[Event "Team 45 45 League T53"]
[Site "Internet Chess Club"]
[Date "2012.06.03"]
[Round "3"]
[White "fishhead"]
[Black "Beetlejuice"]
[Result "1-0"]
[WhiteElo "1816"]
[BlackElo "1747"]
[Opening "Sicilian defense"]
[ECO "B44"]
[Time "13:01:43"]
[TimeControl "2700+45"]

1. e4 c5 2. Nf3 e6 3. d4 cxd4 4. Nxd4 Nc6 5. Bc4 a6 6. O-O Qc7 7. Re1 Nf6 8. Nc3
b5 9. Bb3 Bb7 10. Nxc6 Qxc6 11. Nd5 O-O-O 12. Nxf6 gxf6 13. Bf4 f5 14. c4 b4 15.
Ba4 Qc5 16. Be3 Qa5 17. exf5 Qxf5 18. Bc2 Qa5 19. Qd4 Rg8 20. Be4 Bxe4 21. Qxe4
f5 22. Qa8+ Kc7 23. Bf4+ Bd6 24. Qa7+ Kc6 25. Bxd6 Kxd6 26. c5+ Ke7 27. Rad1 Qb5
28. Rd6 Ra8 29. Rdxe6+ Kf7 30. Re7+ Kf6 31. Qc7 Rac8 32. Qe5+ Kg6 33. Qg3+ Kf6
34. Qh4+ Kg6 35. Qxh7+ Kf6 36. R1e5 Qd3 37. Rxf5+ {Black resigns} 1-0

[Event "Team 45 45 League T53"]
[Site "Internet Chess Club"]
[Date "2012.06.01"]
[Round "3"]
[White "chess9793"]
[Black "Alexei"]
[Result "1/2-1/2"]
[WhiteElo "2171"]
[BlackElo "2221"]
[Opening "Sicilian: Najdorf, Byrne (English) attack"]
[ECO "B90"]
[Time "19:42:46"]
[TimeControl "2700+45"]

1. e4 c5 2. Nf3 d6 3. d4 cxd4 4. Nxd4 Nf6 5. Nc3 a6 6. Be3 e5 7. Nb3 Be6 8. f3
Be7 9. Qd2 O-O 10. O-O-O Nbd7 11. g4 b5 12. g5 b4 13. Ne2 Ne8 14. f4 a5 15. f5
a4 16. fxe6 axb3 17. exf7+ Rxf7 18. Kb1 bxc2+ 19. Qxc2 Bxg5 20. Bxg5 Qxg5 21.
Nc1 Kh8 22. Qc6 Qd8 23. Bc4 Rf8 24. Bb5 Ra7 25. Rhf1 Ndf6 26. Qc4 Qa5 27. Bxe8
Rxe8 28. Rxd6 h6 29. Rfxf6 gxf6 30. Qc6 Rf8 31. Rxf6 Rxf6 32. Qxf6+ Kh7 33. Qf5+
Kg7 34. Qg4+ {Game drawn by mutual agreement} 1/2-1/2

[Event "Team 45 45 League T53"]
[Site "Internet Chess Club"]
[Date "2012.06.05"]
[Round "3"]
[White "Rodin7"]
[Black "Pacini"]
[Result "0-1"]
[WhiteElo "2021"]
[BlackElo "2132"]
[Opening "Réti: King's Indian attack"]
[ECO "A05"]
[Time "15:08:40"]
[TimeControl "2700+45"]

1. Nf3 Nf6 2. g3 g6 3. Bg2 Bg7 4. O-O c5 5. d4 cxd4 6. Nxd4 O-O 7. e4 Nc6 8. c3
d6 9. Nxc6 bxc6 10. e5 dxe5 11. Bxc6 Rb8 12. Na3 Qc7 13. Bg2 Rd8 14. Qa4 Be6 15.
Qc6 Qxc6 16. Bxc6 Ne8 17. c4 Nd6 18. b3 e4 19. Bf4 Bxa1 20. Rxa1 Rbc8 21. Ba4
Bd7 22. Bxd7 Rxd7 23. Rc1 Nf5 24. Kf1 f6 25. c5 e5 26. Be3 Nxe3+ 27. fxe3 Rd2
28. b4 Rxh2 29. Kg1 Rxa2 30. Nb5 a6 31. Nc3 Rb2 32. Nd5 Kf7 33. c6 Ke6 34. Nb6
Rc7 35. Na8 Ra7 36. c7 Rxa8 37. c8=Q+ Rxc8 38. Rxc8 Rxb4 39. Rc6+ Kf7 40. Rxa6
h5 41. Ra7+ Ke6 42. Ra6+ Kf5 43. Kh2 Rb3 44. Kh3 Rxe3 45. Kg2 Re2+ 46. Kh3 Rf2
47. Rc6 e3 48. g4+ hxg4+ 49. Kg3 Rf3+ 50. Kg2 e2 51. Rc1 Kf4 52. Re1 Re3 53. Kf2
g3+ 54. Kg2 f5 55. Kg1 Kf3 56. Kh1 g5 57. Kg1 g4 58. Kh1 Kf2 59. Rxe2+ Kxe2
{White resigns} 0-1

[Event "Team 45 45 League T53"]
[Site "Internet Chess Club"]
[Date "2012.06.03"]
[Round "3"]
[White "parpin"]
[Black "AntMantis"]
[Result "1-0"]
[WhiteElo "1968"]
[BlackElo "2070"]
[Opening "Sicilian: modern Scheveningen, main line"]
[ECO "B83"]
[Time "12:09:27"]
[TimeControl "2700+45"]

1. e4 c5 2. Nf3 d6 3. d4 cxd4 4. Nxd4 Nf6 5. Nc3 e6 6. Be2 Be7 7. O-O O-O 8. f4
Nc6 9. Be3 a6 10. Qe1 Bd7 11. Rd1 Qc7 12. Qg3 Rfd8 13. a3 b5 14. Nf3 Na5 15. e5
Nd5 16. Rxd5 exd5 17. Nxd5 Qxc2 18. Nxe7+ Kf8 19. Nd4 Qe4 20. exd6 Nb7 21. Qf3
Nxd6 22. Qxe4 Nxe4 23. Bf3 Kxe7 24. Bxe4 Rac8 25. Bb7 Rc7 26. Bxa6 Ra8 27. Nxb5
Rc2 28. Bb7 Ra5 29. Be4 Re2 30. Bc5+ Kf6 31. Bd4+ Ke7 32. Nc3 Rd2 33. Rd1 Rxd1+
34. Nxd1 f6 35. Ne3 Kf7 36. Nc4 Ra4 37. b4 Be6 38. Bc6 Ra6 39. Bb5 Ra8 40. Bc5
Kg6 41. Bc6 Ra6 42. Na5 Kf5 43. Bb7 {Black resigns} 1-0

[Event "Team 45 45 League T53"]
[Site "Internet Chess Club"]
[Date "2012.06.05"]
[Round "3"]
[White "universe"]
[Black "Warren"]
[Result "1/2-1/2"]
[WhiteElo "2144"]
[BlackElo "2183"]
[Opening "Sicilian: Pelikan, Chelyabinsk variation"]
[ECO "B33"]
[Time "22:05:43"]
[TimeControl "2700+45"]

1. e4 c5 2. Nf3 Nc6 3. d4 cxd4 4. Nxd4 Nf6 5. Nc3 e5 6. Ndb5 d6 7. Bg5 a6 8. Na3
b5 9. Nd5 Be7 10. Bxf6 Bxf6 11. c3 Rb8 12. Nc2 Bg5 13. a4 bxa4 14. Rxa4 Rxb2 15.
Bxa6 Bd7 16. O-O O-O 17. Ra1 Ne7 18. Nde3 Be6 19. Bc4 Qc8 20. Bxe6 Qxe6 21. Ra6
Qb3 22. Ra3 Qe6 23. Qa1 Rb6 24. Rb1 Rxb1+ 25. Qxb1 f5 26. exf5 Nxf5 27. Qb3 Qxb3
28. Rxb3 Nxe3 29. Nxe3 Bxe3 30. fxe3 Rc8 {Game drawn by mutual agreement}
1/2-1/2

[Event "Team 45 45 League T53"]
[Site "Internet Chess Club"]
[Date "2012.06.05"]
[Round "3"]
[White "steadman"]
[Black "BadHabitMarco"]
[Result "0-1"]
[WhiteElo "2183"]
[BlackElo "2257"]
[Opening "Queen's pawn game"]
[ECO "E10"]
[Time "12:03:16"]
[TimeControl "2700+45"]

1. d4 Nf6 2. Nf3 e6 3. c4 d5 4. g3 Bb4+ 5. Bd2 Be7 6. Bg2 O-O 7. O-O Nbd7 8. Qc2
c6 9. Rd1 b6 10. b3 a5 11. Nc3 Ba6 12. e4 dxc4 13. Bf4 Nh5 14. Be3 cxb3 15. axb3
Nhf6 16. Ne5 Qc7 17. Bf4 Qb7 18. d5 Nxe5 19. Bxe5 Nd7 20. Bf4 Rfd8 21. dxe6 fxe6
22. e5 Qc7 23. Be4 Nf8 24. h4 Rab8 25. h5 h6 26. Na4 Bb7 27. Nc3 Ba6 28. Kh2
Rxd1 29. Nxd1 Bc5 30. Ne3 Bxe3 31. fxe3 Rd8 32. g4 Qe7 33. Kg3 c5 34. Rg1 Bb7
35. Bxb7 Qxb7 36. g5 hxg5 37. Bxg5 Rd7 38. h6 Rf7 39. Bf4 g6 40. Kh2 Kh7 41. Rd1
Qe7 42. Qg2 Qh4+ 43. Qh3 Qxh3+ 44. Kxh3 Rd7 45. Rd6 Rxd6 46. exd6 Nd7 47. e4 b5
48. Bd2 a4 49. bxa4 bxa4 50. Kg4 a3 51. Kg5 a2 52. Bc3 c4 53. Ba1 Nc5 54. e5 c3
55. d7 Nxd7 56. Bxc3 Nc5 57. Bb2 Nb3 58. Kf6 a1=Q 59. Bxa1 Nxa1 60. Kxe6 Nc2 61.
Kf6 Nd4 62. e6 Nxe6 63. Kxe6 Kxh6 64. Ke5 Kg5 65. Ke4 Kg4 66. Ke3 Kg3 67. Ke2 g5
68. Kf1 Kh2 69. Kf2 g4 {White resigns} 0-1

[Event "Team 45 45 League T53"]
[Site "Internet Chess Club"]
[Date "2012.06.04"]
[Round "3"]
[White "TerryMalloy"]
[Black "PoisonPawn"]
[Result "1-0"]
[WhiteElo "2090"]
[BlackElo "2060"]
[Opening "King's Indian: Four pawns attack, 6.Be2"]
[ECO "E77"]
[Time "19:14:14"]
[TimeControl "2700+45"]

1. d4 Nf6 2. c4 g6 3. Nc3 Bg7 4. e4 d6 5. Be2 O-O 6. f4 Na6 7. Nf3 e5 8. dxe5
dxe5 9. Qxd8 Rxd8 10. fxe5 Ng4 11. Bg5 Re8 12. Nd5 Nxe5 13. Rd1 c6 14. Nf6+ Bxf6
15. Bxf6 Nd7 16. Bc3 Rxe4 17. Kf2 Re8 18. Rd6 Nac5 19. Nd2 Nf8 20. b4 Ne4+ 21.
Nxe4 Rxe4 22. h3 Re8 23. Rhd1 Be6 24. a4 Rac8 25. Bd4 b6 26. c5 bxc5 27. Bxc5
Bd5 28. a5 Rc7 29. b5 Ne6 30. Be3 Bb3 31. Rc1 c5 32. b6 axb6 33. axb6 Rce7 34.
Bb5 Rb8 35. Ba6 c4 36. Rc6 Ra8 37. b7 Rb8 38. Rc8+ Re8 39. Rxb8 Rxb8 40. Ba7
Rxb7 41. Bxb7 Nf4 42. Ke3 Nd3 43. Rc3 Nb2 44. Kd4 Nd1 45. Rc1 c3 46. Bf3 c2 47.
Be2 Ba4 48. Bd3 Nf2 49. Bxc2 {Black resigns} 1-0

[Event "Team 45 45 League T53"]
[Site "Internet Chess Club"]
[Date "2012.06.02"]
[Round "3"]
[White "primerpaso"]
[Black "Campagnolo"]
[Result "0-1"]
[WhiteElo "1926"]
[BlackElo "2070"]
[Opening "English: Caro-Kann defensive system"]
[ECO "A11"]
[Time "21:02:19"]
[TimeControl "2700+45"]

1. c4 c6 2. Nc3 d5 3. cxd5 cxd5 4. d4 Nf6 5. g3 Nc6 6. Bg2 Bf5 7. Nf3 e6 8. O-O
Be7 9. Bf4 O-O 10. Rc1 Rc8 11. Nh4 Bg4 12. h3 Bh5 13. Nf3 Qb6 14. Na4 Qb5 15. g4
Bg6 16. Nh4 Nd7 17. Nxg6 hxg6 18. b3 Ba3 19. Rb1 Nb4 20. Bd6 Rfe8 21. e4 dxe4
22. Bxe4 Nf6 23. Bf3 Nfd5 24. Re1 Red8 25. Bxb4 Bxb4 26. Rf1 Ba3 27. Qd2 Qc6 28.
Be4 b5 29. Nb2 Qc3 30. Rfd1 Qxh3 31. Bxd5 exd5 32. Qf4 Bd6 33. Rd3 Qxd3 {White
resigns} 0-1

[Event "Team 45 45 League T53"]
[Site "Internet Chess Club"]
[Date "2012.06.03"]
[Round "3"]
[White "Jack-ONeill"]
[Black "lacibacsi"]
[Result "1-0"]
[WhiteElo "2095"]
[BlackElo "2008"]
[Opening "Trompowsky attack (Ruth, Opocenský opening)"]
[ECO "A45"]
[Time "15:31:37"]
[TimeControl "2700+45"]

1. d4 Nf6 2. Bg5 Ne4 3. Bf4 c5 4. f3 Qa5+ 5. c3 Nf6 6. Nd2 cxd4 7. Nb3 Qb6 8.
Qxd4 Nc6 9. Qxb6 axb6 10. Bg5 d5 11. Nd4 e5 12. Nb5 Ra5 13. e3 Bd7 14. O-O-O d4
15. Bc4 Be7 16. b4 Nxb4 17. cxb4 Rxb5 18. Bxb5 Bxb5 19. exd4 exd4 20. Rxd4 O-O
21. Nh3 h6 22. Re1 Rc8+ 23. Kb2 Rc7 24. Bf4 {Black resigns} 1-0

[Event "Team 45 45 League T53"]
[Site "Internet Chess Club"]
[Date "2012.06.03"]
[Round "3"]
[White "zeigmata"]
[Black "chiiwen"]
[Result "0-1"]
[WhiteElo "2178"]
[BlackElo "2190"]
[Opening "Sicilian: Kan, 5.Bd3"]
[ECO "B42"]
[Time "16:09:56"]
[TimeControl "2700+45"]

1. e4 c5 2. Nf3 e6 3. d4 cxd4 4. Nxd4 a6 5. Bd3 Nf6 6. O-O e5 7. Bg5 h6 8. Bxf6
Qxf6 9. Nf5 d5 10. Ne3 dxe4 11. Bxe4 Bc5 12. Nc3 O-O 13. Ncd5 Qd8 14. Bf5 Nc6
15. c3 Bxe3 16. Nxe3 Bxf5 17. Nxf5 Qf6 18. Qg4 Ne7 19. Ne3 Rad8 20. Qe4 Nc6 21.
a4 Qe6 22. b4 Rd7 23. Rfd1 Rfd8 24. Rxd7 Rxd7 25. h4 Ne7 26. b5 f5 27. Qc4 Qxc4
28. Nxc4 e4 29. bxa6 bxa6 30. Nb6 Rd3 31. c4 Nc6 32. Nd5 Rd4 33. Rb1 Rxc4 34.
Rb6 Ne5 35. Ne7+ Kh7 36. Nxf5 Ng4 37. g3 Rc1+ 38. Kg2 Rc2 39. Kg1 Rxf2 40. Ne3
Rf3 41. Nf1 e3 42. Re6 a5 43. h5 Rf5 44. Nxe3 Nxe3 45. Rxe3 Rxh5 46. Kg2 Rc5 47.
Re4 Kg6 48. Kf3 Kf6 49. Kg4 Rc3 50. Kf4 h5 51. Rd4 g5+ 52. Ke4 Rxg3 53. Rd6+ Ke7
54. Ra6 h4 55. Rxa5 h3 56. Ra7+ Kd6 57. Kf5 g4 58. Rh7 Kc6 59. Kf4 Rg2 60. Rh5
Kb6 {White resigns} 0-1

[Event "Team 45 45 League T53"]
[Site "Internet Chess Club"]
[Date "2012.06.04"]
[Round "3"]
[White "sounix"]
[Black "eurander"]
[Result "1-0"]
[WhiteElo "1981"]
[BlackElo "2102"]
[Opening "Caro-Kann: advance variation"]
[ECO "B12"]
[Time "15:00:27"]
[TimeControl "2700+45"]

1. e4 c6 2. d4 d5 3. e5 c5 4. dxc5 e6 5. Be3 Nh6 6. c3 Nf5 7. Bd4 Bd7 8. Nf3 Qc7
9. Bd3 Bxc5 10. Bxc5 Qxc5 11. Bxf5 exf5 12. O-O Nc6 13. Nbd2 O-O 14. Nb3 Qc4 15.
Nbd4 Rfe8 16. Re1 Re7 17. Qb1 g6 18. Qc1 Rae8 19. Qf4 b5 20. a3 a5 21. h4 b4 22.
axb4 axb4 23. Qh6 Nxe5 24. Rxe5 Rxe5 25. Ng5 Re1+ 26. Kh2 Qc7+ 27. g3 {Black
resigns} 1-0